 Dungeon Crawl Stone Soup version 0.22-a0-247-gbddf880 (webtiles) character file.

95 varam the Sneak (level 4, 0/21 HPs)
             Began as a Spriggan Enchanter on Feb 26, 2018.
             Killed from afar by anet's ghost (6 damage)
             ... with a magic dart
             ... on level 3 of the Dungeon.
             The game lasted 00:10:00 (2372 turns).

varam the Sneak (Spriggan Enchanter)                Turns: 2372, Time: 00:10:01

Health: 0/21       AC:  2    Str:  5    XL:     4   Next: 40%
Magic:  1/9        EV: 18    Int: 16    God:
Gold:   159        SH:  0    Dex: 16    Spells: 2/8 levels left

rFire    x . .     SeeInvis +   a - +1 dagger
rCold    + . .     Gourm    .   (shield restricted)
rNeg     . . .     Faith    .   b - +0 robe
rPois    .         Spirit   .   (helmet restricted)
rElec    .         Reflect  .   (no cloak)
rCorr    .         Harm     .   (gloves unavailable)
MR       .....                  (boots unavailable)
Stlth    ++++......             (no amulet)
HPRegen  0.07/turn              j - ring of ice
MPRegen  0.11/turn              l - ring of stealth

@: very quick
A: very small, unfitting armour, see invisible, herbivore, speed 3, slow
metabolism 2
a: no special abilities


You were on level 3 of the Dungeon.
You were near starving.

You visited 1 branch of the dungeon, and saw 4 of its levels.

You collected 159 gold pieces.

Inventory:

Hand Weapons
 a - a +1 dagger (weapon)
 m - a +0 rapier
 q - a +0 hunting sling
 r - a +0 blowgun
Missiles
 s - 4 poisoned needles
Armour
 b - a +0 robe (worn)
Jewellery
 j - a ring of ice (left hand)
 l - a ring of stealth (right hand)
Scrolls
 d - a scroll of teleportation {unknown}
 e - 3 scrolls of amnesia
 f - 2 scrolls of remove curse {unknown}
 g - 3 scrolls of identify {unknown}
 k - a scroll of blinking {unknown}
 v - a scroll of immolation {unknown}
Potions
 h - 2 potions of curing
 i - a potion of agility {unknown}
 n - 2 potions of cancellation {unknown}
 o - a potion of heal wounds {unknown}
 p - 2 potions of brilliance {unknown}
 t - a potion of haste {unknown}
 u - a potion of degeneration {unknown}
Comestibles
 c - 5 rations


   Skills:
 + Level 3.4 Short Blades
 - Level 3.0 Dodging
 + Level 6.5 Stealth
 - Level 2.6 Spellcasting
 - Level 3.6 Hexes


You had 2 spell levels left.
You knew the following spells:

 Your Spells              Type           Power        Failure   Level  Hunger
a - Ensorcelled Hibernat  Hex/Ice        ##....       14%         2    ##.....
b - Corona                Hex            ##.....      4%          1    #......
c - Confuse               Hex            ##......     13%         3    ###....


Dungeon Overview and Level Annotations

Branches:
Dungeon (4/15)
 Temple: D:4-7

Altars:
Hepliaklqana
Kikubaaqudgha
Qazlal
Sif Muna
Uskayaw
Vehumet
Wu Jian
Xom

Annotations:
D:3 anet's ghost, amateur DEWz


Innate Abilities, Weirdness & Mutations

You are very small and have problems with some larger weapons.
You are too small for most types of armour.
You have supernaturally acute eyesight. (SInv)
You are a herbivore.
You cover ground extremely quickly.
You need consume almost no food.


Message History

Casting: Confuse (safe; 13% risk of failure)
Confirm with . or Enter, or press ? or * to list all spells.
You don't have enough magic to cast that spell.
You start resting.
Casting: Confuse (safe; 13% risk of failure)
Confirm with . or Enter, or press ? or * to list all spells.
Aiming: Confuse (safe; 13% risk of failure)
Press: ? - help, Shift-Dir - straight line, f/p - anet's ghost
Aim: anet's ghost (chance to defeat MR: 32%) Anet's ghost easily resists.
Anet's ghost gestures at you while chanting.
The magic dart hits you!
Anet's ghost points at you and mumbles some strange words.
The magic dart hits you!
Anet's ghost points at you and mumbles some strange words.
The magic dart hits you!
There is a stone staircase leading up here.
Anet's ghost casts a spell at you. The magic dart hits you!
You die...

...'..........#.##.#.##
...#......#.#.#.......#
.<##......#.#.####.#..#
####......#.#.##.#.#..#
.......##.......#.#..#
####.#.##..#..#.#.#..#
............#.#.#).####
#...#.##.#.....#.#.....#
#...#.##.#..W.@#.##.##.# #.. #.
#.#..#..#.##.##.# ######
#............##.#
##._.#####..##.#.##....#
###8...8####..##.#.##.####
#8##...##8##..##...##.##.########
...##.##...##.###..##.##.........
_........._#..# #..##.###.#######
...#.⌠.#...#######.##.##.........


You could see anet's ghost.

Vanquished Creatures
  2 adders
  A worm (D:3)
  2 dart slugs
  3 leopard geckos
  4 giant cockroaches
  6 goblins
  7 hobgoblins
  5 jackals (D:1)
  3 quokkas
  A ball python (D:2)
  10 bats
  7 frilled lizards
  8 kobolds
  6 rats
65 creatures vanquished.

Notes
Turn   | Place    | Note
-------+----------+-------------------------------------------
     0 | D:1      | varam the Spriggan Enchanter began the quest for the Orb.
     0 | D:1      | Reached XP level 1. HP: 9/9 MP: 5/5
   141 | D:1      | Reached XP level 2. HP: 11/13 MP: 6/6
   187 | D:1      | Reached skill level 5 in Stealth
   191 | D:1      | Learned a level 2 spell: Ensorcelled Hibernation
   214 | D:1      | Reached skill level 2 in Short Blades
   513 | D:1      | Reached XP level 3. HP: 6/16 MP: 6/8
   543 | D:2      | Found a stormy altar of Qazlal.
   692 | D:2      | Found an ornate altar of the Wu Jian Council.
   749 | D:2      | Learned a level 3 spell: Confuse
  1254 | D:2      | Reached skill level 6 in Stealth
  1340 | D:2      | Reached skill level 3 in Short Blades
  1644 | D:3      | Reached XP level 4. HP: 17/21 MP: 9/9
  1656 | D:3      | Noticed anet's ghost (amateur DEWz)
  1867 | D:3      | Found a hazy altar of Hepliaklqana.
  1869 | D:3      | Found a shimmering altar of Xom.
  2088 | D:3      | Found a hide-covered altar of Uskayaw.
  2148 | D:3      | Found an ancient bone altar of Kikubaaqudgha.
  2152 | D:3      | Found a deep blue altar of Sif Muna.
  2153 | D:3      | Found a radiant altar of Vehumet.
  2155 | D:3      | Identified Kikubaaqudgha's Handbook of Sinister Rituals
  2372 | D:3      | Killed from afar by anet's ghost

Vault maps used:
D:1:      minmay_arrival_checkered_box
D:2:      old_standard_altar, grunt_qazlal_clouds, first_ration,
          kennysheep_potato
D:3:      grunt_temple_overflow_magic_moments, grunt_temple_overflow_open
D:4:      kennysheep_mini_moat

Skill      XL: |  1  2  3 |
---------------+----------+-----
Stealth        | 5 6 |  6.5
Short Blades   | 2 3 |  3.4
Dodging        | |  3.0
Spellcasting   | |  2.6
Hexes          | |  3.6

Action                   |  1- 3 |  4- 6 || total
-------------------------+-------+-------++-------
Melee: Dagger            |   140 |    63 ||   203
 Cast: Corona            |    10 |     2 ||    12
       Ensorcelled Hiber |    17 |     4 ||    21
       Confuse           |       |    10 ||    10
  Use: Scroll            |     1 |       ||     1
       Potion            |     1 |       ||     1
 Stab: Sleeping          |    21 |     7 ||    28
       Distracted        |     2 |       ||     2
       Confused          |       |     1 ||     1
Armor: Robe              |    16 |     4 ||    20
Dodge: Dodged            |   112 |    48 ||   160

Table legend:
 A = Spawn XP
 B = Non-spawn XP
 C = Spawn XP percentage of total XP
 D = Spawn monster count
 E = Non-spawn monster count
 F = Spawn count percentage of total count
 G = Total turns spent on level
                    A         B        C        D         E        F      G
               +---------+---------+-------+---------+---------+-------+---------
         Total |       0 |     137 |   0.0 |       0 |      65 |   0.0 |  2372
               +---------+---------+-------+---------+---------+-------+---------
           D:1 |       0 |      41 |   0.0 |       0 |      23 |   0.0 |   543
           D:2 |       0 |      49 |   0.0 |       0 |      22 |   0.0 |   875
           D:3 |       0 |      47 |   0.0 |       0 |      20 |   0.0 |   947
               +---------+---------+-------+---------+---------+-------+---------
